 Dungeon Crawl Stone Soup version 0.28.0-47-ge53b351184 (webtiles) character file.

Game seed: 2580139613840028513

2149 pkoi the Firebug (level 8, -15/57 HPs)
             Began as a Demigod Fire Elementalist on May 6, 2022.
             Killed by an exploding water moccasin (47 damage)
             ... ignited by their inner flame
             ... on level 7 of the Dungeon.
             The game lasted 00:14:27 (9089 turns).

pkoi the Firebug (Demigod Fire Elementalist)        Turns: 9089, Time: 00:14:28

Health: -15/57     AC:  3    Str:  9    XL:     8   Next: 84%
Magic:  9/17       EV: 12    Int: 25    God:
Gold:   150        SH:  0    Dex: 20    Spells: 6/15 levels left

rFire   . . .      SeeInvis .   l - +7 quarterstaff of Venuel {venom, rElec rN+ Will-}
rCold   . . .      Faith    +   (shield currently unavailable)
rNeg    + . .      Spirit   .   a - +1 robe
rPois   .          Reflect  .   (no helmet)
rElec   +          Harm     .   (no cloak)
rCorr   .          Rampage  .   (no gloves)
Will    .....                   (no boots)
Stlth   ++........              j - amulet "Vogos" {Faith Dex+6}
HPRegen 0.19/turn               (no ring)
MPRegen 0.15/turn               (no ring)

@: lethally poisoned (-15 -> -50), very slightly contaminated
A: high MP 1, forlorn, divine attributes
a: no special abilities


You were on level 7 of the Dungeon.
You visited 1 branch of the dungeon, and saw 7 of its levels.

You collected 293 gold pieces.
You spent 143 gold pieces at shops.

Inventory:

Hand Weapons
 c - a +0 hand axe
 h - a +1 short sword
 i - a +0 whip
 l - the +7 quarterstaff of Venuel (weapon) {venom, rElec rN+ Will-}
   (You found it on level 4 of the Dungeon)

   It poisons the flesh of those it strikes.
   rElec:     It insulates you from electricity.
   rN:        It protects you from negative energy.
   Will:      It decreases your willpower.
Armour
 a - a +1 robe (worn)
Magical Staves
 k - a staff of poison
Jewellery
 d - a ring of ice
 j - the amulet "Vogos" (around neck) {Faith Dex+6}
   (You found it on level 5 of the Dungeon)

   [amulet of faith]

   It allows you to gain divine favour quickly.
   Dex:       It affects your dexterity (+6).
Wands
 o - a wand of charming (12)
 r - a wand of iceblast (8)
 u - a wand of flame (13)
Scrolls
 n - 2 scrolls of identify
 s - 2 scrolls of magic mapping
 t - a scroll of fog
Potions
 b - 4 potions of curing
 e - a potion of haste
 f - a potion of mutation
 g - 2 potions of heal wounds
 m - a potion of brilliance
 p - a potion of lignification
 q - a potion of magic


   Skills:
 - Level 1.7 Dodging
 - Level 1.7 Stealth
 + Level 4.2 Spellcasting
 * Level 6.8 Conjurations
 + Level 3.0 Hexes
 * Level 7.2 Fire Magic


You had 6 spell levels left.
You knew the following spells:

 Your Spells              Type           Power      Damage    Failure   Level
a - Foxfire               Conj/Fire      100%       2x1d9     1%          1
b - Scorch                Fire           82%        2d9       1%          2
c - Conjure Flame         Conj/Fire      40%        6-21      1%          3
d - Inner Flame           Hex/Fire       31%        N/A       3%          3

Your spell library contained the following spells:

 Spells                   Type           Power      Damage    Failure   Level
 Slow                     Hex            80%        N/A       2%          1
 Dazzling Flash           Conj/Hex       60%        N/A       3%          3
 Flame Wave               Conj/Fire      40%        2d9       4%          4
 Confusing Touch          Hex            20%        N/A       8%          3
 Beastly Appendage        Tmut           10%        N/A       9%          1
 Wereblood                Tmut           5%         N/A       14%         2
 Iskenderun's Mystic Bla  Conj/Tloc      22%        2d6       22%         4
 Ozocubu's Armour         Ice            5%         N/A       26%         3
 Spider Form              Tmut/Pois      5%         N/A       26%         3
 Vampiric Draining        Necr           5%         2d6       26%         3
 Starburst                Conj/Fire      20%        6d7       58%         6
 Ozocubu's Refrigeration  Ice            2%         4d5       100%        7


Dungeon Overview and Level Annotations

Branches:
Dungeon (7/15)             Temple (0/1) D:4

Shops:
D:6 !

Annotations:
D:2 Sigmund
D:7 2 transporters, pkoi's ghost, novice DgEE


Innate Abilities, Weirdness & Mutations

You have an increased reservoir of magic. (+10% MP)
You shall have no god before yourself.
Your divine heritage dramatically boosts your attributes as you level up.


Message History

Aiming: Inner Flame (dangerous; 3% risk of failure)
Press: ? - help, Dir - move target, f - water moccasin
Aim: a water moccasin (asleep, chance to affect: 84%)
The water moccasin is filled with an inner flame.
Unknown command.
You conjure some foxfire!
You conjure some foxfire!
The foxfire hits the water moccasin.
Flame seeps out of the water moccasin.
The water moccasin is moderately wounded.
The foxfire hits the water moccasin.
Flame seeps out of the water moccasin.
The water moccasin is heavily wounded.
The water moccasin is engulfed in blazing flames.
Flame seeps out of the water moccasin.
Unknown command.
Your foxfire dissipates!
The foxfire hits the water moccasin but does no damage.
The water moccasin is almost dead.
The water moccasin bites you.
Casting: Foxfire (safe; 1% risk of failure)
Confirm with . or Enter, or press ? or * to list all spells.
You miscast Scorch.
You are very lightly contaminated with residual magic.
Nothing appears to happen.
The water moccasin bites you.
You are poisoned.
The water moccasin poisons you!
You feel very sick. The water moccasin bites you.
* * * LOW HITPOINT WARNING * * *
You are more poisoned.
The water moccasin poisons you! The water moccasin bites you.
* * * LOW HITPOINT WARNING * * *
You are lethally poisoned!
The water moccasin poisons you!
Casting: Scorch (safe; 1% risk of failure)
Confirm with . or Enter, or press ? or * to list all spells.
Flames lash the water moccasin.
The water moccasin explodes!
The fiery explosion engulfs you!!!
Ouch! That really hurt!
You die...

.....# ....## #....#
#....## #.....##
#......# #§§§##..#
#§).# .# #@§## ##
#..# .. ##..# ##.
##...## #..
##.....#####.#
#.........##.#
.............#.#
...............##
................####


There were no monsters in sight!

Vanquished Creatures
  A troll (D:6)
  A water moccasin (D:7)
  An orc warrior (D:6)
  2 black bears
  A sky beast (D:5)
  An ice beast (D:5)
  2 necrophages
  2 ogres
  A bullfrog (D:6)
  2 water moccasin zombies
  A wyvern skeleton (D:6)
  3 wights (D:7)
  6 electric eels (D:6)
  A bullfrog zombie (D:6)
  A hound (D:5)
  A centaur zombie (D:6)
  3 jellies
  An orc priest (D:7)
  2 bullfrog skeletons (D:4)
  3 iguanas
  An orc wizard (D:7)
  A hound zombie (D:5)
  2 hound skeletons
  6 adders
  A white imp (D:6)
  2 ufetubi
  2 worms
  A dart slug (D:4)
  8 orcs
  4 endoplasms
  3 goblins
  3 hobgoblins
  3 quokkas
  4 ball pythons
  4 bats (D:1)
  5 frilled lizards
  4 kobolds
  2 rats (D:1)
92 creatures vanquished.

Vanquished Creatures (collateral kills)
  A giant cockroach (D:3)
  2 goblins (D:3)
  A hobgoblin (D:3)
  A rat (D:3)
  A foxfire (D:1)
6 creatures vanquished.

Vanquished Creatures (others)
  242 foxfires
  5 plants (D:6)
247 creatures vanquished.

Grand Total: 345 creatures vanquished

Notes
Turn   | Place    | Note
-------+----------+-------------------------------------------
     0 | D:1      | pkoi the Demigod Fire Elementalist began the quest for the
                  | Orb.
     0 | D:1      | Reached XP level 1. HP: 14/14 MP: 5/5
    16 | D:1      | Reached skill level 1 in Conjurations
   499 | D:1      | Reached skill level 3 in Fire Magic
   583 | D:1      | Reached XP level 2. HP: 20/20 MP: 4/7
   860 | D:2      | Noticed Sigmund
  1627 | D:3      | Reached XP level 3. HP: 18/26 MP: 4/8
  1967 | D:3      | Learned a level 2 spell: Scorch
  2414 | D:4      | Reached XP level 4. HP: 33/33 MP: 3/9
  2420 | D:4      | Learned a level 3 spell: Conjure Flame
  2450 | D:4      | Noticed a black bear
  2459 | D:4      | Killed a black bear
  2460 | D:4      | Reached skill level 4 in Fire Magic
  2460 | D:4      | Reached XP level 5. HP: 38/38 MP: 0/10
  2675 | D:4      | Noticed a necrophage
  2680 | D:4      | Killed a necrophage
  3010 | D:4      | Found Jeiq's Armour Emporium.
  3032 | D:4      | Identified the +7 quarterstaff of Venuel {venom, rElec rN+
                  | Will-}
  3045 | D:4      | Found a staircase to the Ecumenical Temple.
  3323 | D:4      | Reached XP level 6. HP: 44/45 MP: 3/12
  4069 | D:5      | Entered Level 5 of the Dungeon
  4400 | D:5      | Identified the amulet "Vogos" {Faith Dex+6}
  4531 | D:5      | Reached skill level 5 in Fire Magic
  5184 | D:5      | Reached XP level 7. HP: 50/50 MP: 6/14
  5445 | D:5      | Learned a level 3 spell: Inner Flame
  5938 | D:5      | Reached skill level 5 in Conjurations
  6119 | D:6      | Reached skill level 1 in Hexes
  6349 | D:6      | Reached skill level 6 in Fire Magic
  6707 | D:6      | Found Omit's Distillery.
  6715 | D:6      | Bought a potion of heal wounds for 55 gold pieces
  6715 | D:6      | Bought a potion of magic for 88 gold pieces
  6834 | D:6      | Noticed a troll
  6839 | D:6      | Killed a troll
  6840 | D:6      | Reached XP level 8. HP: 57/57 MP: 8/16
  8194 | D:6      | Reached skill level 7 in Fire Magic
  8404 | D:7      | Noticed pkoi's ghost (novice DgEE)
  8404 | D:7      | Found a transporter.
  8404 | D:7      | Found a transporter.
  8729 | D:7      | Noticed a hornet
  9089 | D:7      | Killed by an exploding water moccasin... ignited by their
                  | inner flame

Illustrated notes

Levels and vault maps discovered:
D:1:      wander_arrival_fairy_ring, layout_basic,
          shapermc_ecumenical_altar_ellora
D:2:      layout_loops_ring, serial_co_window_serial,
          co_window_of_opportunity_a, co_window_paths_a, co_window_paths_a,
          co_window_of_opportunity_a, co_window_of_opportunity_a,
          co_window_2corner, co_window_paths_c, co_window_corner_b,
          co_window_unsneaky_path_b, co_window_paths_e, co_window_sun,
          glass_columns_c, glass_columns_c, glass_columns_b, glass_columns_b,
          glass_columns_b, uniq_sigmund
D:3:      layout_loops_ring, kennysheep_okawaru_gauntlet, portal_sewer_entry_d
D:4:      layout_loops_ring, ashenzari_altar_1,
          minmay_temple_entry_from_below_a, serial_shops, shop
D:5:      layout_loops_corners, minmay_liquid_box
D:6:      cheibrodos_two_vegetables, layout_basic, serial_shops, shop_fountains,
          minmay_misc_feat_square
D:7:      gammafunk_cloud_chamber, layout_layer_cave, gammafunk_ghost_hive,
          kennysheep_generic_room_16

Skill      XL: |  1  2  3  4  5  6  7  8 |
---------------+-------------------------+-----
Conjurations   | 1 2 3 4 5 6 |  6.8
Fire Magic     | 3 4 5 6 7 |  7.2
Spellcasting   | 2 3 4 |  4.2
Hexes          | 2 3 |  3.0
Dodging        | |  1.7
Stealth        | |  1.7

Action                   |  1- 3 |  4- 6 |  7- 9 || total
-------------------------+-------+-------+-------++-------
Melee: Hand axe          |    12 |       |       ||    12
       Punch             |     1 |       |       ||     1
       Short sword       |     2 |       |       ||     2
       Quarterstaff      |       |     3 |       ||     3
 Cast: Foxfire           |    52 |    15 |    75 ||   142
       Scorch            |       |    47 |    23 ||    70
       Inner Flame       |       |       |    16 ||    16
  Use: Scroll            |     5 |     6 |     5 ||    16
       Potion            |       |     1 |       ||     1
 Stab: Sleeping          |     1 |       |       ||     1
Armor: Robe              |     8 |     2 |     5 ||    15
Dodge: Dodged            |    31 |    13 |    19 ||    63
